 Dungeon Crawl Stone Soup version 0.30-a0-778-g2ef04afb54 (webtiles) character file.

Game seed: 5299760791781898993

57 mopl the Insei (level 4, 0/32 HPs)
             Began as a Djinni Transmuter on Feb 15, 2023.
             Slain by a kobold
             ... wielding a +2 dagger of electrocution
              (6 damage)
             ... on level 2 of the Dungeon.
             The game lasted 00:02:38 (1157 turns).

mopl the Insei (Djinni Transmuter)                  Turns: 1157, Time: 00:02:38

Health: 0/32       AC:  2    Str: 11    XL:     4   Next: 18%
Gold:   88         EV: 12    Int: 14    God:
                   SH:  0    Dex: 14

rFire   + + .      SeeInvis .      - Unarmed
rCold   x . .      Faith    .    (no shield)
rNeg    . . .      Spirit   .    a - +0 robe
rPois   ∞          Reflect  .    (helmet currently unavailable)
rElec   .          Harm     .    (no cloak)
rCorr   .          Rampage  .    (no gloves)
Will    .....                    (boots unavailable)
Stlth   +                        (no amulet)
HPRegen 0.25/turn                (no ring)
MPRegen 0.00/turn                (no ring)

@: appendages, flying
A: horns 2, flying, sickness immunity, fire resistance 2, cold vulnerability 1,
float, innate caster, HP casting, extra vitality 1
a: End Transformation


You were on level 2 of the Dungeon.
You had temporarily grown beastly horns.
You visited 1 branch of the dungeon, and saw 2 of its levels.

You collected 88 gold pieces.

Inventory:

Missiles
 g - 7 poisoned darts
 j - 5 boomerangs
Armour
 a - a +0 robe (worn)
 h - a +0 helmet (melded)
Magical Staves
 c - a staff of poison
Scrolls
 d - 2 scrolls of identify {unknown}
 f - a scroll of enchant armour {unknown}
 n - a scroll of teleportation {unknown}
Potions
 b - a potion of lignification {!q}
 e - a potion of mutation {unknown}
 i - a potion of attraction {unknown}
 k - 2 potions of flight {unknown}
 l - a potion of haste {unknown}
 m - a potion of heal wounds {unknown}
 o - 2 potions of curing {unknown}


   Skills:
 - Level 1.0 Fighting
 - Level 2.1 Dodging
 * Level 4.2 Unarmed Combat
 + Level 2.2 Spellcasting


You couldn't memorise any spells.
You knew the following spells:

 Your Spells              Type           Power      Damage    Failure   Level
a - Beastly Appendage     Tmut           14%        N/A       10%         1
b - Spider Form           Tmut/Pois      7%         N/A       28%         3
c - Sting                 Tmut/Pois      28%        1d4       10%         1
d - Ice Form              Ice/Tmut       7%         N/A       67%         4
w - Wereblood             Tmut           7%         N/A       14%         2
Your spell library was empty.

Dungeon Overview and Level Annotations

Branches:
Dungeon (2/15)

Altars:
Zin


Innate Abilities, Weirdness & Mutations

You have temporarily grown beastly horns.
You are flying.
You are immune to sickness and miasma.
You are immune to poison.
Your flesh is very heat resistant. (rF++)
You are vulnerable to cold. (rC-)
You float through the air rather than walking.
You learn spells naturally, not from books.
Your magical power is your life essence.
You have superior vitality. (+4 MHP)


Message History

You kill the jackal!
No target in view!
No target in view!
No target in view!
No target in view!
No target in view!
No target in view!
No target in view!
No target in view!
No target in view!
No target in view!
No target in view!
No target in view!
No target in view!
No target in view!
You see here a jackal corpse.
Found a stone staircase leading up.
You see here a jackal corpse.
Your horns disappear.
Your +0 helmet unmelds from your body.
Found 9 stones.
Found a glowing silver altar of Zin.
Found a stone staircase leading down.
There is a glowing silver altar of Zin here.
o - 2 fuming amethyst potions A kobold comes into view.
It is wielding a +2 dagger of electrocution.
You grow a pair of large bovine horns.
Your +0 helmet melds into your body.
The kobold shouts!
The kobold hits you with a +2 dagger of electrocution.
You are electrocuted!!
Ouch! That really hurt!
You are too injured to fight recklessly!
You are too injured to fight recklessly!
You hit the kobold but do no damage.
The kobold hits you with a +2 dagger of electrocution.
* * * LOW HITPOINT WARNING * * *
You hit the kobold.
The kobold is moderately wounded.
The kobold hits you with a +2 dagger of electrocution.
You die...

###### ###....############
###########
.......##)........#####....#.....
..................)..............
.......##.........#####....#.....
.......##.........# #....#.....
###....##.......@.#####....#.....
..#....##########K...............
..#....# #.####.###.##.#.#
..#.#### #.####.###.##.#.# ....#
#########...............# ..###
#.........##.###.##.#.#.# .##
#.....................#.)
.########.........##.#.##.#.#.#.#
.##...............##........#...#


You could see a kobold.

Vanquished Creatures
  6 ball pythons
  2 bats (D:1)
  4 endoplasms
  4 giant cockroaches
  4 goblins
  4 hobgoblins (D:1)
  8 jackals
  4 quokkas
  3 frilled lizards
  4 kobolds
  7 rats
50 creatures vanquished.

Notes
Turn   | Place    | Note
-------+----------+-------------------------------------------
     0 | D:1      | mopl the Djinni Transmuter began the quest for the Orb.
     0 | D:1      | mopl set off with the following spells memorised: Beastly
                  | Appendage, Wereblood, Spider Form, Ice Form.
     0 | D:1      | Reached XP level 1. HP: 17/17 MP: 0/0
    39 | D:1      | Reached XP level 2. HP: 13/22 MP: 0/0
   200 | D:1      | Reached XP level 3. HP: 25/27 MP: 0/0
   200 | D:1      | Learned a level 1 spell: Sting
   277 | D:1      | Reached skill level 2 in Spellcasting
   290 | D:1      | Found a faded altar of an unknown god.
   463 | D:1      | Reached skill level 4 in Unarmed Combat
   804 | D:2      | Reached XP level 4. HP: 32/32 MP: 0/0
  1126 | D:2      | Found a glowing silver altar of Zin.
  1157 | D:2      | Slain by a kobold

Illustrated notes

Levels and vault maps discovered:
D:1:      grunt_arrival_lava_bath, layout_rooms,
          shapermc_ecumenical_altar_notcrosses, minmay_domino_4
D:2:      layout_basic, basic_altar, minmay_diced_spiral, uniq_jessica

Skill      XL: |  1  2  3 |
---------------+----------+-----
Spellcasting   | 2 |  2.2
Unarmed Combat | 4 |  4.2
Fighting       | |  1.0
Dodging        | |  2.1

Action                     |  1- 3 |  4- 6 || total
---------------------------+-------+-------++-------
  Melee: Unarmed           |   122 |    23 ||   145
         Headbutt          |    14 |     2 ||    16
         Punch             |     3 |       ||     3
   Cast: Beastly Appendage |    19 |     3 ||    22
   Stab: Sleeping          |     1 |       ||     1
 Armour: Robe              |    30 |     4 ||    34
  Dodge: Dodged            |    92 |    13 ||   105

Table legend: (Time is in decaauts)
 A = Elapsed time spent in this place.
 B = Non-inter-level travel time spent in this place.
 C = Inter-level travel time spent in this place.
 D = Time resting spent in this place.
 E = Time spent auto-exploring this place.
 F = Levels seen in this place.
 G = Mean time per level.
                   A        B        C        D        E       F      G
               +--------+--------+--------+--------+--------+-----+--------+
         Total |   1147 |   1135 |     12 |    166 |    627 |   2 |  573.5 |
       Dungeon |   1147 |   1135 |     12 |    166 |    627 |   2 |  573.5 |
               +--------+--------+--------+--------+--------+-----+--------+

Top non-repeatable levels by time:
     D:2: 590 daAuts
     D:1: 556 daAuts
